TOP OF THE 1ST |
Baffin Island Beavers batting - Pitching for San Francisco Bandits : RHP Luis Fernández
|
Pitching: RHP Luis Fernández
|
|
Batting: LHB Chris Bates
|
0-0: Ball 1-0: Fly out, F7 (Flyball, 7M)
|
Batting: RHB Jorge Morales
|
0-0: Ball 1-0: Ball 2-0: Swinging Strike 2-1: Foul Ball, location: 2F 2-2: Ball 3-2: DOUBLE (Line Drive, 7LD)
|
Batting: LHB Jeff Cole
|
0-0: Ball 1-0: 2-RUN HOME RUN (Flyball, 8LXD), Distance : 436 ft
|
Batting: LHB Lorenzo Villa
|
0-0: Called Strike 0-1: Swinging Strike 0-2: Strikes out looking
|
Batting: SHB Alonso Ferreira
|
0-0: Called Strike 0-1: Fly out, F5 (Popup, 5F)
|
Top of the 1st over - 2 run(s), 2 hit(s), 0 error(s), 0 left on base; Baffin Island 2 - San Francisco 0 |
BOTTOM OF THE 1ST |
San Francisco Bandits batting - Pitching for Baffin Island Beavers : RHP Thierry Garneau
|
Pitching: RHP Thierry Garneau
|
|
Batting: LHB John Peterson
|
0-0: Called Strike 0-1: Called Strike 0-2: Ball 1-2: Ball 2-2: Ground out 4-3 (Groundball, 4)
|
Batting: RHB Ed Starr
|
0-0: Ball 1-0: Ball 2-0: Foul Ball, location: 2F 2-1: Ball 3-1: Foul Ball, location: 2F 3-2: Strikes out swinging
|
Batting: RHB Michael Elliott
|
0-0: Ball 1-0: Called Strike 1-1: Ball 2-1: Foul Ball, location: 2F 2-2: DOUBLE (Line Drive, 89XD)
|
Batting: RHB Cory Foster
|
0-0: Called Strike 0-1: Ground out 6-3 (Groundball, 6M)
|
Bottom of the 1st over - 0 run(s), 1 hit(s), 0 error(s), 1 left on base; Baffin Island 2 - San Francisco 0 |
TOP OF THE 2ND |
Baffin Island Beavers batting - Pitching for San Francisco Bandits : RHP Luis Fernández
|
Batting: RHB Tony Morton
|
0-0: Foul Ball, location: 2F 0-1: Ball 1-1: Ball 2-1: Foul Ball, location: 2F 2-2: Ball 3-2: Strikes out swinging
|
Batting: LHB Keng-chi Lao
|
0-0: Foul Ball, location: 2F 0-1: Called Strike 0-2: DOUBLE (Line Drive, 8LD)
|
Batting: RHB Bryan Sandstrom
|
0-0: SINGLE (Line Drive, 4MD) Keng-chi Lao to third Runner from 3rd tries for Home, SAFE, no throw or cutoff
|
Batting: RHB Bill Mark
|
0-0: Ball 1-0: Called Strike 1-1: Ball 2-1: Ball 3-1: Base on Balls Bryan Sandstrom to second
|
Batting: LHB Chris Bates
|
0-0: Ball 1-0: Swinging Strike 1-1: SINGLE (Groundball, 34S) Bryan Sandstrom to third Bill Mark to second
|
Batting: RHB Jorge Morales
|
0-0: Ball 1-0: Ball 2-0: Called Strike 2-1: Swinging Strike 2-2: Fly out, F7 (Flyball, 7LMF) Runner from 3rd tags up, OUT at HOME
|
Top of the 2nd over - 1 run(s), 3 hit(s), 0 error(s), 2 left on base; Baffin Island 3 - San Francisco 0 |
BOTTOM OF THE 2ND |
San Francisco Bandits batting - Pitching for Baffin Island Beavers : RHP Thierry Garneau
|
Batting: LHB Francisco Calderón
|
0-0: Called Strike 0-1: Ball 1-1: Swinging Strike 1-2: Foul Ball, location: 2F 1-2: Foul Ball, location: 2F 1-2: Ball 2-2: Ground out 4-3 (Groundball, 4)
|
Batting: RHB Ramón Ruíz
|
0-0: Called Strike 0-1: Ball 1-1: Ball 2-1: Ball 3-1: Foul Ball, location: 2F 3-2: Foul Ball, location: 2F 3-2: Base on Balls
|
Batting: SHB Vicente Ricks
|
0-0: Ball 1-0: Ball 2-0: Called Strike 2-1: Ball 3-1: Called Strike 3-2: Foul Ball, location: 2F 3-2: Strikes out swinging
|
Batting: LHB Raúl García
|
0-0: Ball 1-0: Ground out 5-3 (Groundball, 56S)
|
Bottom of the 2nd over - 0 run(s), 0 hit(s), 0 error(s), 1 left on base; Baffin Island 3 - San Francisco 0 |
TOP OF THE 3RD |
Baffin Island Beavers batting - Pitching for San Francisco Bandits : RHP Luis Fernández
|
Batting: LHB Jeff Cole
|
0-0: Ball 1-0: Ball 2-0: Ball 3-0: Foul Ball, location: 2F 3-1: Foul Ball, location: 2F 3-2: Base on Balls
|
Batting: LHB Lorenzo Villa
|
0-0: Foul Ball, location: 2F 0-1: Ball 1-1: Grounds into double play, 1-6-3 (Groundball, 15)
|
Batting: SHB Alonso Ferreira
|
0-0: Ball 1-0: Ball 2-0: Foul Ball, location: 2F 2-1: Called Strike 2-2: SINGLE (Line Drive, 89S)
|
Batting: RHB Tony Morton
|
0-0: Ball 1-0: Fly out, F9 (Flyball, 89D)
|
Top of the 3rd over - 0 run(s), 1 hit(s), 0 error(s), 1 left on base; Baffin Island 3 - San Francisco 0 |
BOTTOM OF THE 3RD |
San Francisco Bandits batting - Pitching for Baffin Island Beavers : RHP Thierry Garneau
|
Batting: RHB Susumu Sugiyama
|
0-0: Fly out, F4 (Popup, 4D)
|
Batting: LHB John Peterson
|
0-0: SINGLE (Line Drive, 78S)
|
Batting: RHB Ed Starr
|
0-0: Ball 1-0: Ball 2-0: Called Strike 2-1: Ball 3-1: Fly out, F8 (Flyball, 8RS)
|
Batting: RHB Michael Elliott
|
0-0: Called Strike 0-1: Ball 1-1: Ball 2-1: Foul Ball, location: 2F 2-2: Fly out, F7 (Line Drive, 78M)
|
Bottom of the 3rd over - 0 run(s), 1 hit(s), 0 error(s), 1 left on base; Baffin Island 3 - San Francisco 0 |
TOP OF THE 4TH |
Baffin Island Beavers batting - Pitching for San Francisco Bandits : RHP Luis Fernández
|
Batting: LHB Keng-chi Lao
|
0-0: Called Strike 0-1: Ball 1-1: Fly out, F8 (Flyball, 8RXD)
|
Batting: RHB Bryan Sandstrom
|
0-0: Foul Ball, location: 2F 0-1: Foul Ball, location: 2F 0-2: Foul Ball, location: 2F 0-2: Ball 1-2: Ground out 4-3 (Groundball, 4)
|
Batting: RHB Bill Mark
|
0-0: Called Strike 0-1: Foul Ball, location: 2F 0-2: Ball 1-2: DOUBLE (Line Drive, 8LM)
|
Batting: LHB Chris Bates
|
0-0: Called Strike 0-1: Foul Ball, location: 2F 0-2: Foul Ball, location: 2F 0-2: Foul Ball, location: 2F 0-2: Ball 1-2: SINGLE (Groundball, 34D) Bill Mark to third Runner from 3rd tries for Home, SAFE, no throw or cutoff
|
Batting: RHB Jorge Morales
|
0-0: Ball 1-0: Called Strike 1-1: Fly out, F2 (Popup, 2LF)
|
Top of the 4th over - 1 run(s), 2 hit(s), 0 error(s), 1 left on base; Baffin Island 4 - San Francisco 0 |
BOTTOM OF THE 4TH |
San Francisco Bandits batting - Pitching for Baffin Island Beavers : RHP Thierry Garneau
|
Batting: RHB Cory Foster
|
0-0: Fly out, F7 (Flyball, 7D)
|
Batting: LHB Francisco Calderón
|
0-0: Called Strike 0-1: Ball 1-1: Foul Ball, location: 2F 1-2: Ground out U3 (Groundball, 3)
|
Batting: RHB Ramón Ruíz
|
0-0: Ball 1-0: Ball 2-0: Called Strike 2-1: Fly out, F9 (Flyball, 9LM)
|
Bottom of the 4th over - 0 run(s), 0 hit(s), 0 error(s), 0 left on base; Baffin Island 4 - San Francisco 0 |
TOP OF THE 5TH |
Baffin Island Beavers batting - Pitching for San Francisco Bandits : RHP Luis Fernández
|
Pitching: RHP José Rivera
|
|
Batting: LHB Jeff Cole
|
0-0: Foul Ball, location: 2F 0-1: Foul Ball, location: 2F 0-2: Fly out, F7 (Popup, 78S)
|
Batting: LHB Lorenzo Villa
|
0-0: DOUBLE (Flyball, 89D)
|
Batting: SHB Alonso Ferreira
|
0-0: Intentional Walk
|
Batting: RHB Tony Morton
|
0-0: Called Strike 0-1: Fly out, F3 (Popup, 3)
|
Batting: LHB Keng-chi Lao
|
0-0: Called Strike 0-1: Ball 1-1: Ball 2-1: Ball 3-1: Swinging Strike 3-2: Base on Balls Lorenzo Villa to third Alonso Ferreira to second
|
Batting: RHB Bryan Sandstrom
|
0-0: Called Strike 0-1: Called Strike 0-2: Ball 1-2: Ball 2-2: Strikes out swinging
|
Top of the 5th over - 0 run(s), 1 hit(s), 0 error(s), 3 left on base; Baffin Island 4 - San Francisco 0 |
BOTTOM OF THE 5TH |
San Francisco Bandits batting - Pitching for Baffin Island Beavers : RHP Thierry Garneau
|
Pitching: RHP Eduardo Ramos
|
|
Batting: SHB Vicente Ricks
|
0-0: Ball 1-0: Swinging Strike 1-1: Swinging Strike 1-2: Strikes out swinging
|
Batting: LHB Raúl García
|
0-0: Swinging Strike 0-1: Ball 1-1: Foul Ball, location: 2F 1-2: Ball 2-2: Strikes out swinging
|
Batting: RHB Susumu Sugiyama
|
0-0: Called Strike 0-1: Swinging Strike 0-2: SINGLE (Groundball, 6MD)
|
Batting: LHB John Peterson
|
0-0: Called Strike 0-1: Ball 1-1: Ball 2-1: Foul Ball, location: 2F 2-2: Ball 3-2: Strikes out swinging
|
Bottom of the 5th over - 0 run(s), 1 hit(s), 0 error(s), 1 left on base; Baffin Island 4 - San Francisco 0 |
TOP OF THE 6TH |
Baffin Island Beavers batting - Pitching for San Francisco Bandits : RHP José Rivera
|
Batting: RHB Bill Mark
|
0-0: Foul Ball, location: 2F 0-1: Called Strike 0-2: SINGLE (Line Drive, 34)
|
Pinch Hitting: RHB Naomichi Aoki
|
0-0: Called Strike 0-1: Ball 1-1: Foul Ball, location: 2F 1-2: Foul Ball, location: 2F 1-2: Foul Ball, location: 2F 1-2: Foul Ball, location: 2F 1-2: Foul Ball, location: 2F 1-2: Strikes out looking
|
Pinch Hitting: RHB Mario López
|
0-0: Swinging Strike 0-1: SINGLE (Groundball, 56D) Bill Mark to second
|
Batting: RHB Enrique Aguilar
|
0-0: Ball 1-0: Swinging Strike 1-1: Grounds into double play, 5-4-3 (Groundball, 5)
|
Top of the 6th over - 0 run(s), 2 hit(s), 0 error(s), 1 left on base; Baffin Island 4 - San Francisco 0 |
BOTTOM OF THE 6TH |
San Francisco Bandits batting - Pitching for Baffin Island Beavers : RHP Eduardo Ramos
|
Pitching: LHP Ignacio Colón
|
|
Now in LF: Nick Davis
|
|
Now in RF: Naomichi Aoki
|
|
Batting: RHB Ed Starr
|
0-0: Called Strike 0-1: Ball 1-1: Foul Ball, location: 2F 1-2: Foul Ball, location: 2F 1-2: Strikes out looking
|
Batting: RHB Michael Elliott
|
0-0: Ball 1-0: DOUBLE (Line Drive, 5L)
|
Batting: RHB Cory Foster
|
0-0: Ball 1-0: Called Strike 1-1: Ball 2-1: Called Strike 2-2: Ball 3-2: Ground out 6-3 (Groundball, 6) Michael Elliott to third
|
Batting: LHB Francisco Calderón
|
0-0: Ball 1-0: Called Strike 1-1: Foul Ball, location: 2F 1-2: Ball 2-2: Ball 3-2: Fly out, F8 (Flyball, 8LD)
|
Bottom of the 6th over - 0 run(s), 1 hit(s), 0 error(s), 1 left on base; Baffin Island 4 - San Francisco 0 |
TOP OF THE 7TH |
Baffin Island Beavers batting - Pitching for San Francisco Bandits : RHP José Rivera
|
Pitching: RHP Masamichi Samurakami
|
|
Now at 2B: Jorge Díaz
|
|
Pinch Hitting: RHB Dave Craig
|
0-0: Ball 1-0: Ball 2-0: Fly out, F6 (Line Drive, 6)
|
Pinch Hitting: RHB Enrico Ramos
|
0-0: Ball 1-0: Called Strike 1-1: Reached on Error, E8 (Flyball, 8RM)
|
Pinch Hitting: LHB Luke Pittman
|
0-0: Ball 1-0: Ball 2-0: Ball 3-0: Called Strike 3-1: Foul Ball, location: 2F 3-2: Strikes out looking Enrico Ramos is caught stealing 2nd base Batter strikes out.
|
Top of the 7th over - 0 run(s), 0 hit(s), 1 error(s), 0 left on base; Baffin Island 4 - San Francisco 0 |
BOTTOM OF THE 7TH |
San Francisco Bandits batting - Pitching for Baffin Island Beavers : LHP Ignacio Colón
|
Now at 1B: Victor Howard
|
|
Now at 2B: Dave Craig
|
|
Now in RF: Luke Pittman
|
|
Batting: RHB Ramón Ruíz
|
0-0: Foul Ball, location: 2F 0-1: Ball 1-1: Foul Ball, location: 2F 1-2: Strikes out swinging
|
Batting: SHB Vicente Ricks
|
0-0: Called Strike 0-1: Foul Ball, location: 2F 0-2: Ball 1-2: Ground out 6-3 (Groundball, 6)
|
Batting: LHB Raúl García
|
0-0: Called Strike 0-1: Called Strike 0-2: Ball 1-2: Ball 2-2: Strikes out swinging
|
Bottom of the 7th over - 0 run(s), 0 hit(s), 0 error(s), 0 left on base; Baffin Island 4 - San Francisco 0 |
TOP OF THE 8TH |
Baffin Island Beavers batting - Pitching for San Francisco Bandits : RHP Masamichi Samurakami
|
Pinch Hitting: RHB Lindsay Barrowcliff
|
0-0: Ball 1-0: Swinging Strike 1-1: Swinging Strike 1-2: Strikes out swinging
|
Batting: RHB Bryan Sandstrom
|
0-0: Ball 1-0: SINGLE (Line Drive, 89M)
|
Pinch Hitting: RHB Curt Wagner
|
0-0: Called Strike 0-1: Called Strike 0-2: Foul Ball, location: 2F 0-2: Strikes out swinging
|
Batting: RHB Naomichi Aoki
|
0-0: Called Strike 0-1: Ball 1-1: Ball 2-1: Foul Ball, location: 2F 2-2: Strikes out looking
|
Top of the 8th over - 0 run(s), 1 hit(s), 0 error(s), 1 left on base; Baffin Island 4 - San Francisco 0 |
BOTTOM OF THE 8TH |
San Francisco Bandits batting - Pitching for Baffin Island Beavers : LHP Ignacio Colón
|
Pitching: LHP William Watson
|
|
Now at 2B: Curt Wagner
|
|
Now at SS: Lindsay Barrowcliff
|
|
Batting: RHB Susumu Sugiyama
|
0-0: Ball 1-0: Ball 2-0: Foul Ball, location: 2F 2-1: SINGLE (Line Drive, 56D)
|
Pinch Hitting: RHB Andrew Benson
|
0-0: Ball 1-0: Ball 2-0: Called Strike 2-1: Swinging Strike 2-2: Strikes out swinging
|
Batting: RHB Jorge Díaz
|
0-0: Called Strike 0-1: Foul Ball, location: 2F 0-2: SINGLE (Line Drive, 7LM) Susumu Sugiyama to second
|
Pinch Hitting: RHB Félix Sánchez
|
0-0: SINGLE (Line Drive, 8LS) Susumu Sugiyama to third Jorge Díaz to second Runner from 3rd tries for Home, SAFE, no throw or cutoff
|
Pinch Hitting: RHB Chang-geun Kim
|
0-0: Called Strike 0-1: Ball 1-1: Called Strike 1-2: Strikes out swinging
|
Batting: RHB Armando López
|
0-0: Ball 1-0: SINGLE (Line Drive, 6MD) Jorge Díaz to third Félix Sánchez to second
|
Pinch Hitting: RHB Dale Taylor
|
0-0: Ball 1-0: Called Strike 1-1: Called Strike 1-2: Foul Ball, location: 2F 1-2: Ball 2-2: Strikes out swinging
|
Bottom of the 8th over - 1 run(s), 4 hit(s), 0 error(s), 3 left on base; Baffin Island 4 - San Francisco 1 |
TOP OF THE 9TH |
Baffin Island Beavers batting - Pitching for San Francisco Bandits : RHP Masamichi Samurakami
|
Pitching: RHP Carlos Ruíz
|
|
Now at 1B: Dale Taylor
|
|
Now in LF: Chang-geun Kim
|
|
Now in CF: Félix Sánchez
|
|
Now in RF: Charles-Antoine Champagne
|
|
Batting: LHB Nick Davis
|
0-0: Called Strike 0-1: Ball 1-1: Ball 2-1: Ball 3-1: Base on Balls
|
Pitching: LHP Pancho Guerrero
|
|
Batting: RHB Enrique Aguilar
|
0-0: Foul Ball, location: 2F 0-1: Swinging Strike 0-2: Ground out 5-3 (Groundball, 56S) Nick Davis to second
|
Pitching: LHP Floyd Dye
|
|
Batting: RHB Dave Craig
|
0-0: Called Strike 0-1: Called Strike 0-2: Foul Ball, location: 2F 0-2: Foul Ball, location: 2F 0-2: Foul Ball, location: 2F 0-2: Ball 1-2: Ball 2-2: Foul Ball, location: 2F 2-2: Ball 3-2: Fly out, F8 (Line Drive, 8RM)
|
Batting: LHB Victor Howard
|
0-0: Intentional Walk
|
Pitching: RHP Paul Lewis
|
|
Batting: LHB Luke Pittman
|
0-0: Ball 1-0: Ball 2-0: Called Strike 2-1: Fielders Choice at 2nd, U6 (Groundball, 6M)
|
Top of the 9th over - 0 run(s), 0 hit(s), 0 error(s), 2 left on base; Baffin Island 4 - San Francisco 1 |
BOTTOM OF THE 9TH |
San Francisco Bandits batting - Pitching for Baffin Island Beavers : LHP William Watson
|
Pitching: RHP Javier Rodríguez
|
|
Pinch Hitting: LHB Miguel Montés
|
0-0: Ball 1-0: Ball 2-0: Swinging Strike 2-1: Foul Ball, location: 2F 2-2: Ground out 1-3 (Groundball, 13)
|
Pinch Hitting: LHB Mel Jones
|
0-0: Called Strike 0-1: SINGLE (Flyball, 9LM)
|
Pinch Hitting: LHB Arturo Rivera
|
0-0: Called Strike 0-1: Ball 1-1: Ball 2-1: Swinging Strike 2-2: Ball 3-2: Foul Ball, location: 2F 3-2: Strikes out swinging
|
Batting: LHB Charles-Antoine Champagne
|
0-0: Called Strike 0-1: Ball 1-1: Ball 2-1: Ground out 1-3 (Groundball, 13S)
|
Bottom of the 9th over - 0 run(s), 1 hit(s), 0 error(s), 1 left on base; Baffin Island 4 - San Francisco 1 |
|